Cogmind - Beta 14 @@@ ROGUE MODE // 2024.08.14 @ 20:01:26 Player: UnifiBg Result: Destroyed by 1J-M9E(R) with Subdweller Shrapnel Launcher Performance ------------- Evolutions (0) 0 Regions Visited (2) 400 Robots Destroyed (24) 120 Value Destroyed (345) 345 Prototype IDs (0) 0 Alien Tech Used (0) 0 Bonus (0) 0 TOTAL SCORE: 865 Bonus ------- None Cogmind --------- Core Integrity 0/250 Matter 194/300 Energy 200/200 System Corruption 3% Temperature Cool (0) Movement Rolling (95) Ox1 Location -10/Subcaves Parts ------- > --- POWER (1) -------- Subdweller Power Source > --- PROPULSION (2) --- Wheel > --- UTILITY (2) ------ Small Storage Unit Seismic Detector > --- WEAPON (2) ------- Light Assault Rifle > --- INVENTORY (8) ---- Ion Engine Huge Storage Unit Subdweller Optics Light Armor Plating Scrap Shield Assault Rifle Assault Rifle Peak State ------------ > --- POWER ------------ Subdweller Power Source > --- PROPULSION ------- Wheel Wheel > --- UTILITY ---------- Small Storage Unit Seismic Detector > --- WEAPON ----------- Light Assault Rifle Grenade Launcher > --- INVENTORY -------- Ion Engine Improved Treads Huge Storage Unit Light Armor Plating Scrap Shield Assault Rifle Assault Rifle [Rating: 9] Favorites ----------- Power Light Ion Engine Engine Light Ion Engine Propulsion Wheel Wheel Wheel Utility Small Storage Unit Device Seismic Detector Storage Small Storage Unit Weapon Assault Rifle Energy Gun Medium Laser Ballistic Gun Assault Rifle Launcher Grenade Launcher Build | -11 -10 -10 ------- Run | Yrd Mat Sub Slots Evolved . | . . . Power . | . . . Propulsion . | . . . Utility . | . . . Weapon . | . . . Parts Attached 25 | 11 11 3 Power 4 | 1 2 1 Engine 4 | 1 2 1 Core . | . . . Reactor . | . . . Propulsion 9 | 4 4 1 Treads . | . . . Leg . | . . . Wheel 9 | 4 4 1 Hover . | . . . Flight . | . . . Utility 3 | 2 1 . Device 2 | 1 1 . Storage 1 | 1 . . Processor . | . . . Hackware . | . . . Protection . | . . . Artifact . | . . . Weapon 9 | 4 4 1 Energy Gun 1 | 1 . . Energy Cannon . | . . . Ballistic Gun 7 | 3 4 . Ballistic Cannon . | . . . Launcher 1 | . . 1 Special Weapon . | . . . Impact Weapon . | . . . Slashing Weapon . | . . . Piercing Weapon . | . . . Special Melee Weapon . | . . . Unidentified Prototypes . | . . . Parts Lost 3 | . 1 2 Power . | . . . Propulsion 2 | . 1 1 Utility . | . . . Weapon 1 | . . 1 Highest Loss Streak 2 | . 1 2 To Critical Strikes . | . . . Average Slot Usage (%) 99 | . 100 99 Engine 14 | . 14 14 Wheel 27 | . 28 27 Device 14 | . 14 14 Storage 14 | . 14 14 Ballistic Gun 25 | . 28 14 Launcher 2 | . . 13 Peak Build Rating 9 | 7 8 9 Average Rating 7 | 5 7 8 On Entrance 4 | . 7 7 Naked Turns . | . . . Heaviest Build 15 | 12 15 15 Greatest Support 32 | 32 26 20 Greatest Overweight (x) . | . . . Average Overweight (x) . | . . . Largest Inventory Capacity 8 | 8 8 8 Average Capacity 7 | 7 8 8 Most Carried 8 | 4 8 8 Average Carried 7 | 1 7 7 Final Capacity 8 | 8 8 8 Final Carried 8 | 4 8 8 Class Distribution -------------------- 69% | Mutant 30% | Scavenger-Mutant Dominant Class ---------------- Mutant | -10/Materials Scavenger-Mutant | -10/Subcaves Resources | -11 -10 -10 ----------- Run | Yrd Mat Sub Matter Collected 787 | 291 442 54 Remotely . | . . . Salvage Created 572 | 48 486 38 Parts 52 | 6 40 6 Haulers Intercepted 2 | . 2 . Recyclers Shooed 2 | 1 1 . Parts Field Recycled . | . . . Retrieved Matter . | . . . Parts Self-Destructed 2 | . . 2 Prevented . | . . . Kills | -11 -10 -10 ------- Run | Yrd Mat Sub Combat Hostiles Destroyed 14 | . 12 2 Guns 12 | . 12 . AOE 2 | . . 2 Classes Destroyed 7 | 1 5 1 Worker 3 | . 3 . Tunneler 3 | 2 1 . Hauler 2 | . 2 . Watcher 2 | . 2 . Swarmer 9 | . 9 . Grunt 3 | . 3 . Subdweller 2 | . . 2 Best Kill Streak 4 | 2 4 1 Combat Bots Only 3 | . 3 1 Max Kills in Single Turn 2 | 1 2 1 Gunslinging . | . . . Exploded 1 | . . 1 Melee . | . . . Uniques/NPCs Destroyed . | . . . Combat | -11 -10 -10 -------- Run | Yrd Mat Sub Hostile Shots Fired 79 | . 65 14 Missed 21 | . 15 6 Damage Taken 748 | . 421 327 Core 259 | . 102 157 Absorbed by Shields . | . . . Core Remaining (%) 100 | 100 . . Volleys Fired 70 | 3 56 11 Largest 2 | 2 2 2 Hottest 50 | 40 40 50 Shots Fired 140 | 6 112 22 Gun 129 | 6 112 11 Cannon . | . . . Launcher 11 | . . 11 Special . | . . . Kinetic 129 | 6 112 11 Thermal . | . . . Explosive 11 | . . 11 Electromagnetic . | . . . Robot Hit Streak 8 | 2 8 3 Robot Miss Streak 3 | 2 3 1 Penetration Max . | . . . Secondary Targets 1 | . 1 . Max Gunslinging Chain 1 | . 1 . Shots Hit Robots 68 | 2 63 3 Core Hits 33 | 2 26 5 Critical Kills 1 | . 1 . Critical Parts Destroyed . | . . . Critical Strikes 1 | . 1 . Destroy 1 | . 1 . Melee Attacks . | . . . Impact . | . . . Slashing . | . . . Piercing . | . . . Sneak Attacks . | . . . Combat Hostiles . | . . . Follow-up Attacks . | . . . Damage Inflicted 1159 | 27 813 319 Guns 865 | 27 813 25 Cannons . | . . . Explosions 294 | . . 294 Melee . | . . . Ramming . | . . . Kinetic 865 | 27 813 25 Thermal . | . . . Explosive 294 | . . 294 Electromagnetic . | . . . Impact . | . . . Slashing . | . . . Piercing . | . . . Highest Corruption 3 | . 3 3 Average Corruption 2 | . 2 3 Corruption Purged . | . . . Corruption Blocked . | . . . Effects 6 | . . 6 Message Errors 2 | . . 2 Matter Fused 2 | . . 2 Energy Discharges 1 | . . 1 Data Loss (minor) 1 | . . 1 Overload Shots . | . . . Overflow Damage . | . . . Projectiles . | . . . Explosions . | . . . Melee . | . . . Knockbacks . | . . . Impact . | . . . Kinetic . | . . . Secondary . | . . . Self-Inflicted Damage 53 | . . 53 Shots 2 | . . 2 Rammed . | . . . Targets Rammed . | . . . Kicked . | . . . Crushed . | . . . Highest Temperature 6 | . 6 . Average Temperature 3 | . 3 . Received Heat Transfer 75 | . 45 30 Siege Activations . | . . . Robots Corrupted . | . . . Combat Hostiles . | . . . Parts Fried . | . . . Impact Corruptions . | . . . Robots Melted . | . . . Combat Hostiles . | . . . Parts Melted . | . . . Heat Transferred . | . . . Parts Sabotaged . | . . . Parts Stolen . | . . . Parts Stripped . | . . . Power Chain Reactions . | . . . Alert | -11 -10 -10 ------- Run | Yrd Mat Sub Peak Influence 302 | 10 302 . Initial 6 | . 6 . Average 114 | 2 124 . Maximum Alert Level 1 | . 1 . Low Security (%) 79 | 100 77 . Level 1 20 | . 22 . Level 2 . | . . . Level 3 . | . . . Level 4 . | . . . Level 5 . | . . . High Security . | . . . Max Security . | . . . Squads Dispatched 2 | . 2 . Investigation 2 | . 2 . Extermination . | . . . Reinforcement . | . . . Assault . | . . . Garrison . | . . . Intercept . | . . . Searches Triggered . | . . . Construction Impeded . | . . . Haulers Reinforced . | . . . Active Scanning Responses . | . . . Cargo Convoy Interrupts . | . . . Stealth | -11 -10 -10 --------- Run | Yrd Mat Sub Distress Signals . | . . . Communications Jammed . | . . . Distress Signals . | . . . Times Spotted 25 | . 21 4 Peak Tracking Total 4 | . 4 2 Tactical Retreats 1 | . 1 . Traps | -11 -10 -10 ------- Run | Yrd Mat Sub Traps Triggered 4 | . 4 . Indirectly . | . . . Trap Hack Attempts . | . . . Triggered . | . . . Disarmed . | . . . Reprogrammed . | . . . Reused . | . . . Traps Extracted . | . . . Installed . | . . . Triggered . | . . . Machines | -11 -10 -10 ---------- Run | Yrd Mat Sub Machines Disabled . | . . . Max in Single Turn . | . . . Machines Repaired . | . . . Machines Dismantled . | . . . Machines Sabotaged . | . . . Overloaded Fab Kills . | . . . Hacking | -11 -10 -10 --------- Run | Yrd Mat Sub Machines Accessed 5 | . 5 . Terminals 5 | . 5 . Fabricators . | . . . Repair Stations . | . . . Recycling Units . | . . . Scanalyzers . | . . . Garrison Access . | . . . Total Hacks 15 | . 15 . Successful 9 | . 9 . Failed 6 | . 6 . Catastrophic . | . . . Database Lockouts . | . . . Manual 13 | . 13 . Terminals 15 | . 15 . Fabricators . | . . . Repair Stations . | . . . Recycling Units . | . . . Scanalyzers . | . . . Garrison Access . | . . . Terminal Hacks 1 | . 1 . Robot Analysis 1 | . 1 . Fabricator Hacks . | . . . Repair Station Hacks . | . . . Recycling Unit Hacks . | . . . Scanalyzer . | . . . Garrison Access Hacks . | . . . Unauthorized Hacks 8 | . 8 . Terminals 8 | . 8 . Track 2 | . 2 . Botnet 2 | . 2 . Operators 1 | . 1 . Skim 3 | . 3 . Fabricators . | . . . Repair Stations . | . . . Recycling Units . | . . . Scanalyzers . | . . . Garrison Access . | . . . Data Cores Recovered . | . . . Used . | . . . Hacking Detections 4 | . 4 . Full Trace Events 2 | . 2 . Feedback Events . | . . . Feedback Blocked . | . . . Robot Schematics Acquired . | . . . Robots Built . | . . . Authchips . | . . . Time . | . . . Total Robot Build Rating . | . . . Part Schematics Acquired . | . . . Parts Built . | . . . Authchips . | . . . Time . | . . . Total Part Build Rating . | . . . Parts Repaired . | . . . Time . | . . . Parts Recycled . | . . . Recycled Matter . | . . . Retrieved Matter . | . . . Retrieved Components . | . . . Parts Scanalyzed . | . . . Part Schematics Acquired . | . . . Parts Damaged . | . . . Bothacking | -11 -10 -10 ------------ Run | Yrd Mat Sub Used RIF Installer . | . . . Robots Hacked . | . . . Non-combat . | . . . Combat . | . . . Robot Hacks Applied . | . . . Relay Couplers Released . | . . . Fabnet Peak Effective % . | . . . Robots Rewired . | . . . Allies Hacked . | . . . Hacks Repelled . | . . . Allies | -11 -10 -10 -------- Run | Yrd Mat Sub Total Allies . | . . . Largest Group . | . . . Highest-Rated Group . | . . . Highest-Rated Ally . | . . . Total Orders . | . . . Ally Attacks . | . . . Total Damage . | . . . Kills . | . . . Allies Corrupted . | . . . Allies Melted . | . . . Intel | -11 -10 -10 ------- Run | Yrd Mat Sub Robot Analysis Total 1 | . 1 . Derelict Logs Recovered . | . . . Drone Launches . | . . . Drone Recoveries . | . . . Exploration | -11 -10 -10 ------------- Run | Yrd Mat Sub Turns Passed 1132 | 83 855 194 Spaces Moved 958 | 59 705 194 Core 1 | 1 . . Treads . | . . . Legs . | . . . Wheels 957 | 58 705 194 Hover . | . . . Flight . | . . . Fastest Speed 50 | 50 80 80 Average Speed 86 | 96 88 80 Slowest Speed 100 | 100 90 80 Overloaded Moves . | . . . Propulsion Burnouts . | . . . Robots Hopped . | . . . Cave-ins Triggered . | . . . Exploration Rate (%) 32 | 3 77 17 Regions Visited 2 Branch Regions 1 Pre-discovered Areas . | . . . Known Exits Taken . | . . . Unknown Exits Taken 2 | 1 1 . Scrap Searched . | . . . Spaces Dug . | . . . Terrain Destroyed 45 | . . 45 Melee . | . . . Projectile . | . . . AOE 45 | . . 45 Terrain Rammed . | . . . Walls Destroyed . | . . . Machines Disabled . | . . . Actions | -11 -10 -10 --------- Run | Yrd Mat Sub Total 1126 | 74 837 215 Wait 44 | . 44 . Move 956 | 58 704 194 Hop . | . . . Pick Up 12 | 1 9 2 Fast Attach 7 | 7 . . Attach 2 | 1 1 . Detach 1 | 1 . . Swap 16 | 3 10 3 Drop 18 | . 13 5 Fire 70 | 3 56 11 Melee . | . . . Ram . | . . . Kick . | . . . Crush . | . . . Escape Stasis . | . . . Rewire . | . . . Trap . | . . . Miscellaneous . | . . . Route ------- -11/Scrapyard -10/Materials (discovered 6 exits: [*Mat x3] / [*Min x2] / [*Sub]) -10/Subcaves History --------- Turn | Location | Event 14 | -11/Scrapyard | Discovered new exit (range 15) 84 | -11/Scrapyard | Entered Materials 312 | -10/Materials | Build established: Mutant 595 | -10/Materials | Discovered new exit (range 5) 682 | -10/Materials | Discovered new exit (range 12) 683 | -10/Materials | Discovered new exit (range 16) 903 | -10/Materials | Discovered new exit (range 9) 917 | -10/Materials | Discovered new exit (range 12) 928 | -10/Materials | Discovered new exit (range 7) 939 | -10/Materials | Entered Subcaves 1005 | -10/Subcaves | A swath of the cavern ceiling suddenly collapsed 1062 | -10/Subcaves | Shifting Twisted Machinery released Sub. Machine Gun 1087 | -10/Subcaves | Build established: Scavenger-Mutant 1117 | -10/Subcaves | Core integrity fell below 50% 1129 | -10/Subcaves | Ambushed by Subdweller buried in earth 1133 | -10/Subcaves | Destroyed by 1J-M9E(R) with Subdweller Shrapnel Launcher Last Messages --------------- 00971_ Acquired Sub. Optics. 00976_ Subatomizers dissect the Assault Rifle. 00984_ System corrupted: Matter fused (-9). A swath of the cavern ceiling suddenly collapses. 01023_ System corrupted: Matter fused (-10). 01056_ System corrupted: Component data lost. Sub. Machine Gun falls loose from the Twisted Machinery. 01069_ Acquired 7 matter. 01086_ #<6&LS>C&J%8YQ8P6D3CB04ICX,Y/CKR3KWPSZ/ 01088_ Acquired 7 matter. 01095_ Dropped Wheel. 01098_ Acquired 11 matter. 01102_ Acquired 5 matter. 01106_ System corrupted: Energy discharge (-56). 01119_ ON-LVL(R) destroyed. 01121_ The unstable cave ceiling collapses. 01125_ Wheel destroyed. 01130_ LC-382(R): "ARGHSUB!" 01131_ Grenade Launcher destroyed. Map ----- +----------------------------------------------------+ | ?????????????????????????????????????????????????? | | ##???????????????????????????????????????????????? | | ##??????????????????????????????????????????????? | | ###????????????????????????????????????????????? | | #????????????????????????????????????????????? | | # #????????????????????????????????????????????? | | ##? "#???????????????????????????????????????????? | | #??? #???????????????????????????????????????????? | | #????????????????????????????????????????????????? | | ###??????????????????????????????????????????????? | | #????????????????????????#?????????????????????? | | ##??????????????????????? ???????????????????? | | #??????????????????????? ??????????????????? | | #????? #???????????##### #??????????????????? | | *[##?? #????????????# ###????????????????? | | [ # ##????????????# ?????????????????? | | ! """"????????????# ! ##????????????????? | | ###" " #??????????# #????????????????? | | ###??? #" #?????????# R #????????????????? | | ##??????"#? ??????????# #????????????????? | | #???????? ??????????## #????????????????? | | #????????????????????#; #????????????????? | | #?????? ## ?????????#; ##???????????????? | | #???? ?????????#; ##??????????????? | | #????# ????????## #?????? ???????? | | #????# ?????????# @ #???# ???????? | | #??### #??????????# % #??## %???????? | | #?## #??????????# #####?# """" ?????? | | #?# #??????????# #???# " " %??????? | | #?# ###????????## ;#### """"???????? | | ### ##????????# ; = """"???????? | | ## #????????# ## "" ?????? | | ##???????## R ##????????????? | | ###??????### ; ##????????????? | | ##??????###; ##???????????? | | ###????# #?####??????? | | ### #?# #??????? | | ### # #### #????? # | | # ## ## ## #### #???? | | #### ### ### #### ## ### | | #### ### #### ##### #### #??? | | ## # ######??## ######## ""#???? | | ##??????# #????# "##???? | | #???#### ## #?# ### ##????? | | ### #??## ##??## ### ##?#####?????? | | ??##" ##?## ###????### #####?####???? | | ???#"## ##?# ##???# # ### ##??? | | ??##"## #?# ##??## " "###" | | ### "## ##?# ###?## """""""" | | #""""#" #?# ## #### # # """ [" | +----------------------------------------------------+ Best States ------------- Heat Dissipation 25 Energy Generation 15 Energy Capacity 250 Matter Stores 300 Matter Capacity 300 Sight Range 16 Terrain Scan Density 10 Evasion (%) 44 Item Schematics ----------------- None Robot Schematics ------------------ None Fabricated ------------ Nothing Alien Tech Used ----------------- None Achievements -------------- None Challenges ------------ None Game ------ Seed ClaymoresSpacefoldJammer Manual? 0 Play Time 00:16:04 Cumulative 22.0 hours Start 2024.08.14 @ 19:45:26 End 2024.08.14 @ 20:01:26 Sessions 1 Manual Loads 0 Difficulty Rogue Special Mode None Game No. 25 Rogue 25 Adventurer 0 Explorer 0 Win Type - Total 0 Types 0/0/0/0/0/0/0/0/0 Lore% 14 Gallery% 26 Achievement% 22 Wizard Run 0 Options --------- Layout 2 ASCII 0 Keyboard 1 Movement Arrows Keybinds 0 Fullscreen 2 Font 20/SmallcapsGlow Map View 56x54 Zoom Use 0% Tactical HUD 1 Map Filters NONE Filters NONE Steam X RUN: 08e2e5df-37b2-44fa-b888-49eb5367afd8